 Dungeon Crawl Stone Soup version 0.28-a0-691-gad6df49e81 (webtiles) character file.

Game seed: 12249292892188370382

602 siradein the Chiller (level 7, -2/46 HPs)
             Began as a Demonspawn Ice Elementalist on Oct 21, 2021.
             Slain by a phantom (4 damage)
             ... on level 4 of the Dungeon.
             The game lasted 00:24:00 (5736 turns).

siradein the Chiller (Demonspawn Ice Elementalist)  Turns: 5736, Time: 00:24:01

Health: -2/46      AC:  4    Str:  8    XL:     7   Next: 18%
Magic:  9/13       EV: 13    Int: 19    God:
Gold:   249        SH:  4    Dex: 13    Spells: 3/14 levels left

rFire   . . .      SeeInvis .   k - +0 trident
rCold   . . .      Faith    .   (no shield)
rNeg    . . .      Spirit   .   a - +0 robe
rPois   .          Reflect  .   (helmet restricted)
rElec   .          Harm     .   (no cloak)
rCorr   .          Rampage  .   (no gloves)
Will    .....                   (no boots)
Stlth   ++........              (no amulet)
HPRegen 0.15/turn               (no ring)
MPRegen 0.13/turn               (no ring)

@: no status effects
A: antennae 2, yellow scales 1, demonic guardian 1, condensation shield
a: no special abilities


You were on level 4 of the Dungeon.
You visited 1 branch of the dungeon, and saw 4 of its levels.
You also visited: Sewer.

You collected 249 gold pieces.

Inventory:

Hand Weapons
 k - a +0 trident (weapon)
Missiles
 b - 5 curare-tipped darts
 m - 28 poisoned darts
Armour
 a - a +0 robe (worn)
Jewellery
 p - an amulet of faith
Scrolls
 d - 5 scrolls of teleportation
 f - a scroll of amnesia {unknown}
 g - a scroll of summoning {unknown}
 i - a scroll of fear {unknown}
 j - a scroll of enchant armour {unknown}
 n - a scroll of immolation {unknown}
 q - a scroll of torment {unknown}
Potions
 c - 2 potions of heal wounds
 e - a potion of mutation {unknown}
 h - a potion of flight {unknown}
 l - a potion of haste {unknown}
 o - a potion of invisibility {unknown}
 r - a potion of attraction {unknown}


   Skills:
 + Level 4.2 Dodging
 - Level 1.7 Stealth
 + Level 4.4 Spellcasting
 + Level 1.3 Conjurations
 + Level 5.4 Ice Magic


You had 3 spell levels left.
You knew the following spells:

 Your Spells              Type           Power      Damage    Failure   Level
a - Freeze                Ice            96%        1d11      1%          1
b - Frozen Ramparts       Ice            48%        1d6       4%          3
c - Ozocubu's Armour      Ice            24%        N/A       4%          3
d - Hailstorm             Conj/Ice       16%        3d6       32%         4

Your spell library contained the following spells:

 Spells                   Type           Power      Damage    Failure   Level


Dungeon Overview and Level Annotations

Branches:
Dungeon (4/15)              Sewer (visited)
 Temple: D:4-7

Altars:

Shops:
D:2 (


Innate Abilities, Weirdness & Mutations

You have a pair of antennae on your head.
You are partially covered in yellow scales. (AC +2)
A weak demonic guardian rushes to your aid.
A meltable shield of frost defends you. (SH +4)


Message History

The phantom is severely damaged.
The phantom barely misses you. x2
You closely miss the phantom.
The phantom is severely damaged.
The phantom closely misses you.
You hit the phantom.
The phantom is almost destroyed.
The phantom hits you!
* * * LOW HITPOINT WARNING * * *
You miss the phantom.
The phantom is severely damaged.
The phantom completely misses you. The phantom hits you.
* * * LOW HITPOINT WARNING * * *
A demonic guardian appears!
You hit the phantom.
The phantom is almost destroyed.
The phantom hits you.
* * * LOW HITPOINT WARNING * * *
The phantom blinks!
You blink.
Your icy armour cracks and falls away as you move.
You barely miss the phantom.
The phantom is almost destroyed.
The phantom closely misses you.
You barely miss the phantom.
The phantom is almost destroyed.
The phantom misses you.
You barely miss the phantom.
The phantom is almost destroyed.
You block the phantom's attack.
Your shadow imp misses the phantom.
You block the phantom's attack.
Your shadow imp closely misses the phantom.
You closely miss the phantom.
The phantom is almost destroyed.
The phantom hits you.
* * * LOW HITPOINT WARNING * * *
The phantom blinks!
You blink.
You closely miss the phantom.
The phantom is almost destroyed.
The phantom hits you.
You die...

.......+.....'......######...#...
.......##....#......#........'...
.......##....#......#........#...
..<....#.....#......#........#...
.......#.....#......#........#...
.......#.....#......#........#)..
.......#.....#......#...##...#...
.......##....#......#...##...#...
.......##....#.W@..ยง#...#....#...
........#....#...5..+...#....#...
........#....#......#...#....#...
........#....#......#'####...#...
........#....###'##......#...#...
........#.....(...#......#...#
........#.........#......#...#
#########.........'......#>..#
........#....######......#...# ..


You could see a phantom (ally target) and a friendly shadow imp (summoned).

Vanquished Creatures
  6 kobold brigands (Sewer)
  7 adders
  4 river rats (Sewer)
  4 worms
  A dart slug (D:1)
  8 orcs (D:3)
  10 ball pythons
  4 bats
  12 endoplasms
  3 giant cockroaches
  6 goblins
  6 hobgoblins
  2 jackals (D:1)
  A quokka (D:3)
  6 frilled lizards
  7 kobolds
  3 rats
  A spectral hobgoblin (D:2)
91 creatures vanquished.

Vanquished Creatures (collateral kills)
  A ball python (D:4)
1 creature vanquished.

Grand Total: 92 creatures vanquished

Notes
Turn   | Place    | Note
-------+----------+-------------------------------------------
     0 | D:1      | siradein the Demonspawn Ice Elementalist began the quest
                  | for the Orb.
     0 | D:1      | Reached XP level 1. HP: 13/13 MP: 3/3
   418 | D:1      | Gained mutation: You have a pair of small antennae on your
                  | head. [demonic ancestry]
   418 | D:1      | Reached XP level 2. HP: 19/19 MP: 3/5
  1280 | D:2      | Found Muah's Antique Weapon Emporium.
  1354 | D:2      | Gained mutation: You have a pair of antennae on your head.
                  | [demonic ancestry]
  1354 | D:2      | Reached XP level 3. HP: 21/24 MP: 3/6
  1358 | D:2      | Learned a level 3 spell: Frozen Ramparts
  1362 | D:2      | Learned a level 3 spell: Ozocubu's Armour
  1495 | D:2      | Reached skill level 4 in Ice Magic
  1537 | D:2      | Found a faded altar of an unknown god.
  2738 | D:3      | Gained mutation: A meltable shield of frost defends you.
                  | (SH +4) [demonic ancestry]
  2738 | D:3      | Reached XP level 4. HP: 20/30 MP: 1/8
  3679 | D:4      | Found a glowing drain.
  3737 | Sewer    | Entered a sewer
  3757 | Sewer    | Noticed a kobold brigand
  3765 | Sewer    | Killed a kobold brigand
  3766 | Sewer    | Reached XP level 5. HP: 32/35 MP: 3/10
  4032 | Sewer    | Gained mutation: You are partially covered in yellow
                  | scales. (AC +2) [demonic ancestry]
  4032 | Sewer    | Reached XP level 6. HP: 41/41 MP: 7/11
  4372 | Sewer    | Reached skill level 5 in Ice Magic
  4487 | Sewer    | Learned a level 4 spell: Hailstorm
  4945 | Sewer    | Reached skill level 1 in Conjurations
  4945 | Sewer    | Gained mutation: A weak demonic guardian rushes to your
                  | aid. [demonic ancestry]
  4945 | Sewer    | Reached XP level 7. HP: 15/46 MP: 5/13
  5735 | D:4      | HP: 2/46 [phantom (5)]
  5736 | D:4      | Slain by a phantom

Illustrated notes

Levels and vault maps discovered:
D:1:      scummos_arrival_gate, layout_basic,
          hangedman_abyss_or_decor_lesser_grid
D:2:      layout_loops_corners, dreamdust_ecumenical_altar_drowned_temple,
          serial_shops, nicolae_shop_crystal, minmay_misc_feat_doors,
          chequers_serial_rivers_room_a, minmay_stone_trees_small,
          minmay_misc_feat_pillars
D:3:      layout_loops_ring
D:4:      layout_gridville, kennysheep_mini_moat, gup_sewer_entry_glass

Skill      XL: |  1  2  3  4  5  6 |
---------------+-------------------+-----
Dodging        | 2 3 4 |  4.2
Ice Magic      | 4 5 |  5.4
Spellcasting   | 3 4 |  4.4
Conjurations   | 1 |  1.3
Stealth        | |  1.7

Action                   |  1- 3 |  4- 6 |  7- 9 || total
-------------------------+-------+-------+-------++-------
Melee: Short sword       |    13 |       |       ||    13
       Hand axe          |     1 |       |       ||     1
       Trident           |       |    61 |    38 ||    99
       Quarterstaff      |       |     4 |       ||     4
 Cast: Freeze            |    66 |    26 |     7 ||    99
       Frozen Ramparts   |     1 |    15 |       ||    16
       Ozocubu's Armour  |       |       |     2 ||     2
  Use: Scroll            |       |     3 |       ||     3
       Potion            |       |     1 |       ||     1
 Stab: Sleeping          |       |     1 |       ||     1
Armor: Robe              |     6 |     5 |     9 ||    20
Dodge: Dodged            |    42 |    40 |    25 ||   107
Block: Other             |       |    13 |    13 ||    26

Table legend: (Time is in decaauts)
 A = Elapsed time spent in this place.
 B = Non-inter-level travel time spent in this place.
 C = Inter-level travel time spent in this place.
 D = Time resting spent in this place.
 E = Time spent auto-exploring this place.
 F = Levels seen in this place.
 G = Mean time per level.
                   A        B        C        D        E       F      G
               +--------+--------+--------+--------+--------+-----+--------+
         Total |   5944 |   5847 |     97 |     44 |   4964 |   5 | 1188.8 |
       Dungeon |   4298 |   4201 |     97 |     40 |   3564 |   4 | 1074.5 |
         Sewer |   1646 |   1646 |      0 |      4 |   1400 |   1 | 1646.0 |
               +--------+--------+--------+--------+--------+-----+--------+

Top non-repeatable levels by time:
   Sewer: 1646 daAuts
     D:2: 1433 daAuts
     D:1: 1262 daAuts
     D:3: 959 daAuts
     D:4: 642 daAuts
